 Dungeon Crawl Stone Soup version 0.29-a0-817-g9904bce7a6 (webtiles) character file.

Game seed: 2883759780325916013

1535 greasedhog the Cruncher (level 9, -10/65 HPs)
             Began as a Formicid Fighter on July 5, 2022.
             Was a Believer of Okawaru.
             Mangled by a yak (14 damage)
             ... on level 6 of the Dungeon.
             The game lasted 00:10:37 (6302 turns).

greasedhog the Cruncher (Formicid Fighter)          Turns: 6302, Time: 00:10:38

Health: -10/65     AC:  6    Str: 25    XL:     9   Next: 11%
Magic:  13/13      EV:  9    Int:  8    God:    Okawaru [**....]
Gold:   236        SH:  6    Dex: 13    Spells: 8/8 levels left

rFire   + + .      SeeInvis +   a - +1 quarterstaff
rCold   . . .      Faith    .   c - +1 buckler
rNeg    . . .      Spirit   .   n - +0 scale mail {rPois}
rPois   +          Reflect  .   (helmet unavailable)
rElec   .          Harm     .   (no cloak)
rCorr   .          Rampage  .   (no gloves)
Will    .....                   (no boots)
Stlth   ..........              (no amulet)
HPRegen 0.20/turn               g - ring of protection from fire
MPRegen 0.13/turn               j - ring of protection from fire

@: no status effects
A: permanent stasis, dig shafts and tunnels, antennae 3, four strong arms
a: Dig, Shaft Self, Renounce Religion, Heroism


You were on level 6 of the Dungeon.
You worshipped Okawaru.
Okawaru was pleased with you.
You visited 2 branches of the dungeon, and saw 7 of its levels.
You also visited: Sewer.

You collected 236 gold pieces.

Inventory:

Hand Weapons
 a - a +1 quarterstaff (weapon)
Armour
 c - a +1 buckler (worn)
 h - a +0 chain mail
 n - a +0 scale mail of poison resistance (worn)
Jewellery
 g - a ring of protection from fire (left hand)
 j - a ring of protection from fire (right hand)
Wands
 o - a wand of mindburst (6)
Scrolls
 e - a scroll of enchant armour
 i - a scroll of enchant weapon
 p - a scroll of silence {unknown}
Potions
 b - a potion of flight {unknown}
 d - a potion of might
 f - 4 potions of heal wounds {unknown}
 k - 2 potions of brilliance {unknown}
 l - 2 potions of haste {unknown}
 m - 2 potions of attraction {unknown}


   Skills:
 * Level 4.2 Fighting
 * Level 9.3 Staves
 - Level 3.2 Armour
 - Level 4.0 Shields
 - Level 6.2 Invocations


You had 8 spell levels left.
You didn't know any spells.
Your spell library contained the following spells:

 Spells                   Type           Power      Damage    Failure   Level
 Static Discharge         Conj/Air       0%         3-3/arc   88%         2
 Dispel Undead            Necr           0%         3d6       100%        4
 Sticky Flame             Conj/Fire      0%         2d3       100%        4
 Manifold Assault         Tloc           0%         N/A       100%        5
 Storm Form               Tmut/Air       0%         N/A       100%        7
 Blink                    Tloc           Unusable   N/A       N/A         2

Dungeon Overview and Level Annotations

Branches:
Dungeon (6/15)             Temple (1/1) D:4           Sewer (visited)

Altars:
Ashenzari
Cheibriados
Elyvilon
Fedhas
Gozag
Okawaru
Ru
Sif Muna
Trog
Uskayaw
Wu Jian
Xom
Yredelemnul

Annotations:
D:4 1 runed translucent door, Crazy Yiuf
D:5 2 transporters, zhov's ghost, novice DsHu


Innate Abilities, Weirdness & Mutations

You cannot be hasted, slowed, berserked, paralysed or teleported.
You can dig through walls and to a lower floor.
You have a pair of large antennae on your head. (SInv)
Your four strong arms can wield two-handed weapons with a shield.


Message History

A wyvern is nearby!
A yak comes into view.
Found a silvery potion.
The yak bellows!
You hear a bellow! x2
You hit the wyvern.
The wyvern is lightly wounded.
The wyvern closely misses you. The wyvern bites you. The wyvern bites you.
The wyvern bites you but does no damage.
The wyvern bites you but does no damage.
The wyvern bites you. The wyvern attacks as you move away!
The wyvern bites you! The wyvern bites you.
The wyvern attacks as you move away! The wyvern closely misses you.
You hit the wyvern but do no damage. The wyvern barely misses you.
The wyvern bites you.
You bludgeon the wyvern!!
The wyvern is severely wounded.
The wyvern completely misses you.
You sock the wyvern!
You kill the wyvern!
Okawaru accepts your kill.
Your Fighting skill increases to level 4!
You barely miss the yak. The yak gores you.
You hit the yak.
The yak is lightly wounded.
The yak gores you!
* * * LOW HITPOINT WARNING * * *
You thump the yak!
The yak is heavily wounded.
You thump the yak!
The yak is severely wounded.
The yak gores you!
* * * LOW HITPOINT WARNING * * *
You hit the yak.
The yak is severely wounded.
The yak gores you but does no damage.
A yak comes into view.
The yak attacks as you move away! The yak gores you!
You die...

.........###.....#
.................
##...........###
##.........####### ..
##.........†....#.##
..##.##..###..##.........##
..#...#..#.....####..##...#
...............##...####..#
#.............Y@...#..####
#..............##......#
##.......Y.....###.....##
.......###.##..##.###.##
#....Y.............#.#
###....#.#.#.........###
#.....###.............#
#....##.###............##
..... .................#


You could see 2 yaks.

Vanquished Creatures
  Grinder (D:3)
  A wyvern (D:6)
  Eustachio (D:5)
  Edmund (D:5)
  Pargi (Sewer)
  2 ice beasts
  Blork the orc (D:5)
  3 wights
  2 hounds
  A gnoll bouda (D:5)
  A jelly (D:5)
  4 iguanas
  2 orc wizards
  5 gnolls (D:5)
  4 adders
  A worm (D:2)
  2 dart slugs
  8 orcs
  6 ball pythons
  5 bats
  4 endoplasms
  4 giant cockroaches
  5 goblins
  5 hobgoblins
  8 jackals
  4 kobolds
  4 quokkas
  4 frilled lizards
  4 rats
94 creatures vanquished.

Vanquished Creatures (others)
  A plant (D:4)
1 creature vanquished.

Grand Total: 95 creatures vanquished

Notes
Turn   | Place    | Note
-------+----------+-------------------------------------------
     0 | D:1      | greasedhog the Formicid Fighter began the quest for the
                  | Orb.
     0 | D:1      | Reached XP level 1. HP: 18/18 MP: 1/1
   210 | D:1      | Reached XP level 2. HP: 17/24 MP: 2/2
   488 | D:1      | Reached skill level 3 in Staves
   721 | D:1      | Reached XP level 3. HP: 29/29 MP: 3/3
  1225 | D:2      | Reached skill level 4 in Staves
  1225 | D:2      | Reached XP level 4. HP: 28/35 MP: 4/4
  2248 | D:3      | Found a broken altar of Ashenzari.
  2810 | D:3      | Noticed Grinder
  2835 | D:3      | Killed Grinder
  2836 | D:3      | Reached skill level 6 in Staves
  2836 | D:3      | Reached XP level 5. HP: 30/41 MP: 5/5
  2836 | D:3      | Reached XP level 6. HP: 34/47 MP: 6/6
  3047 | D:4      | Found a staircase to the Ecumenical Temple.
  3053 | Temple   | Entered the Ecumenical Temple
  3210 | Temple   | Became a worshipper of Warmaster Okawaru
  3318 | D:4      | Found a glowing drain.
  3332 | Sewer    | Entered a sewer
  3378 | Sewer    | Noticed Pargi
  3394 | Sewer    | Killed Pargi
  3395 | Sewer    | Reached skill level 7 in Staves
  3395 | Sewer    | Reached XP level 7. HP: 52/52 MP: 7/7
  3653 | D:4      | Upgraded the game from 0.29-a0-813-g4a14ea37d6 to
                  | 0.29-a0-817-g9904bce7a6
  3931 | D:4      | Reached skill level 1 in Invocations
  4119 | D:4      | Found a runed translucent door.
  4120 | D:4      | Noticed Crazy Yiuf
  4575 | D:5      | Entered Level 5 of the Dungeon
  4744 | D:5      | Noticed Blork the orc
  4752 | D:5      | Killed Blork the orc
  4841 | D:5      | Noticed Edmund
  4856 | D:5      | Killed Edmund
  5127 | D:5      | Reached XP level 8. HP: 47/58 MP: 10/10
  5225 | D:5      | Reached * piety under Okawaru
  5271 | D:5      | Reached skill level 8 in Staves
  5377 | D:5      | Found a transporter.
  5382 | D:5      | Noticed zhov's ghost (novice DsHu)
  5470 | D:5      | Reached skill level 5 in Invocations
  5840 | D:5      | Noticed Eustachio
  5872 | D:5      | Killed Eustachio
  6032 | D:5      | Found a transporter.
  6181 | D:6      | Reached ** piety under Okawaru
  6200 | D:6      | Reached skill level 9 in Staves
  6240 | D:6      | Reached XP level 9. HP: 64/64 MP: 13/13
  6302 | D:6      | Mangled by a yak

Illustrated notes

Levels and vault maps discovered:
D:1:      roderic_octagonal_star, layout_loops_ring
D:2:      layout_basic
D:3:      layout_basic, evilmike_ruin_ashenzari, serial_co_window_serial,
          co_window_cross_1, co_window_of_opportunity_a,
          co_window_of_opportunity_a, co_window_paths_a, co_window_paths_a,
          co_window_cross_1, co_window_corner_a, co_window_paths_a,
          co_window_corner_a, co_window_broadway_b, co_window_broadway_b,
          co_window_paths_e, co_window_4corner_a, glass_columns_b, uniq_grinder
D:4:      layout_basic, temple_green, gup_sewer_entry_spiral,
          serial_bayou_pond_c, grunt_decor_clamped, lemuel_another_geyser,
          uniq_crazy_yiuf_cottage
D:5:      layout_rooms, gammafunk_ghost_mausoleum,
          chequers_serial_rivers_micro_d, uniq_eustachio, uniq_blork_the_orc,
          uniq_edmund
D:6:      layout_cave_pools, mainiacjoe_overflow_alcove_1
Temple:   hellmonk_temple_flake

Skill      XL: |  1  2  3  4  5  6  7  8  9 |
---------------+----------------------------+-----
Staves         | 3 4 6 7 9 |  9.3
Invocations    | 3 6 |  6.2
Fighting       | 4 |  4.2
Armour         | |  3.2
Shields        | |  4.0

Action                   |  1- 3 |  4- 6 |  7- 9 || total
-------------------------+-------+-------+-------++-------
Melee: Quarterstaff      |    85 |    71 |   176 ||   332
  Use: Scroll            |     3 |     3 |     2 ||     8
       Potion            |       |       |     1 ||     1
Armor: Scale mail        |    60 |     5 |    39 ||   104
       Chain mail        |     7 |    46 |       ||    53
Dodge: Dodged            |    48 |    24 |    58 ||   130
Block: Buckler           |    31 |    24 |    37 ||    92

Table legend: (Time is in decaauts)
 A = Elapsed time spent in this place.
 B = Non-inter-level travel time spent in this place.
 C = Inter-level travel time spent in this place.
 D = Time resting spent in this place.
 E = Time spent auto-exploring this place.
 F = Levels seen in this place.
 G = Mean time per level.
                   A        B        C        D        E       F      G
               +--------+--------+--------+--------+--------+-----+--------+
         Total |   6373 |   6188 |    185 |    526 |   4531 |   8 |  796.6 |
       Dungeon |   6066 |   5881 |    185 |    526 |   4337 |   6 | 1011.0 |
        Temple |    166 |    166 |      0 |      0 |    127 |   1 |  166.0 |
         Sewer |    139 |    139 |      0 |      0 |     67 |   1 |  139.0 |
               +--------+--------+--------+--------+--------+-----+--------+

Top non-repeatable levels by time:
     D:4: 1597 daAuts
     D:5: 1287 daAuts
     D:2: 1029 daAuts
     D:3: 992 daAuts
     D:1: 976 daAuts
     D:6: 183 daAuts
  Temple: 166 daAuts
   Sewer: 139 daAuts
